[Event "Minior-SM 2025"]
[Site "Uppsala, Sweden"]
[Date "2025.06.30"]
[Round "1.1"]
[White "Thamarai, Yohan"]
[Black "Lang Sohl, Benjamin"]
[Result "1/2-1/2"]
[TimeControl "90 min for 40 move + 30 min with an increment of 30 sec starting move 1"]
[WhiteFideId "1773011"]
[BlackFideId "1790250"]
[WhiteElo "1761"]
[BlackElo "1552"]

1. e4 e5 2. Bc4 Nf6 3. Nf3 Nc6 4. d4 exd4 5. O-O Nxe4 6. Re1 d5 7. Bxd5 Qxd5 8. Nc3 Qd8 9. Nxe4 Be7 10.
Bg5 O-O 11. Bxe7 Qxe7 12. Nxd4 Bd7 13. Nb3 Rad8 14. Nec5 Be6 15. Qe2 Bxb3 16. Qxe7 Nxe7 17. axb3 Nc6 18. Rad1 Rxd1 19. Rxd1 Rd8 20.
Rxd8+ Nxd8 21. f4 b6 22. Nd3 f5 23. Kf2 Kf7 24. Ke3 Ke6 25. Kd4 Nc6+ 26. Kc4 a5 27. Kb5 Nd4+ 28. Ka6 Nxc2 29.
Kb7 Kd6 30. Ne5 Nd4 31. Nc4+ Kd7 32. Ne5 Kd6 33. Nc4+ Kc5 34. Kxc7 Ne6+ 1/2-1/2

[Event "Minior-SM 2025"]
[Site "Uppsala, Sweden"]
[Date "2025.06.30"]
[Round "1.2"]
[White "Jiang, Fanan"]
[Black "Leon, David"]
[Result "1/2-1/2"]
[TimeControl "90 min for 40 move + 30 min with an increment of 30 sec starting move 1"]
[WhiteFideId "1781022"]
[BlackFideId "1785338"]
[WhiteElo "1521"]
[BlackElo "1734"]

1. e4 e6 2. d4 d5 3. exd5 exd5 4. Nf3 Bd6 5. Nc3 c6 6. Bd3 Nf6 7. O-O O-O 8. Ne5 Bxe5 9. dxe5 Ng4 10.
Bf4 Re8 11. Re1 f6 12. e6 Rxe6 13. Rxe6 Bxe6 14. Qe2 Qd7 15. Re1 Bf7 16. h3 Nh6 17. Bxh6 gxh6 18. Qe3 Kg7 19. Qg3+ Bg6 20.
Ne2 Kf7 21. Bxg6+ hxg6 22. Nf4 g5 23. Ne6 Na6 24. Qg4 Kg8 1/2-1/2

[Event "Minior-SM 2025"]
[Site "Uppsala, Sweden"]
[Date "2025.06.30"]
[Round "1.3"]
[White "Cui, Ian"]
[Black "Hjalte, Eric"]
[Result "1/2-1/2"]
[TimeControl "90 min for 40 move + 30 min with an increment of 30 sec starting move 1"]
[WhiteFideId "1793926"]
[BlackFideId "1780344"]
[WhiteElo "1706"]
[BlackElo "1512"]

1. e4 c5 2. Nf3 Nc6 3. Nc3 d6 4. Bb5 Nf6 5. d3 e6 6. O-O Be7 7. Re1 O-O 8. Bxc6 bxc6 9. Bf4 e5 10.
Bg5 Rb8 11. b3 Re8 12. h3 h6 13. Bxf6 Bxf6 14. Ne2 d5 15. Ng3 Ba6 16. Nh5 c4 17. Rc1 c3 18. d4 exd4 19. Nxf6+ Qxf6 20.
e5 Qe7 21. Qxd4 Qb4 22. Qxa7 Ra8 23. Qd4 Qxd4 24. Nxd4 c5 25. Nf3 d4 26. b4 Bb7 27. bxc5 Bxf3 28. gxf3 Rxa2 29. Re4 Rc8 30.
e6 fxe6 31. Rxd4 Rxc5 32. Rd6 Kf7 33. Kf1 Ke7 34. Rd4 e5 35. Re4 g5 36. h4 Kf6 37. hxg5+ hxg5 38. Ke1 Kf5 39. Rb4 Rb2 40. Rb3 1/2-1/2

[Event "Minior-SM 2025"]
[Site "Uppsala, Sweden"]
[Date "2025.06.30"]
[Round "1.4"]
[White "Jansson, Alfred"]
[Black "Gohlin Skoglund, Dorian"]
[Result "0-1"]
[TimeControl "90 min for 40 move + 30 min with an increment of 30 sec starting move 1"]
[WhiteFideId "1789210"]
[BlackFideId "1784269"]
[WhiteElo "1454"]
[BlackElo "1687"]

1. Nf3 d5 2. c4 Nf6 3. cxd5 Nxd5 4. e4 Nb6 5. Nc3 Bg4 6. Be2 Nc6 7. h3 Bh5 8. O-O e5 9. b3 Bc5 10.
Bb2 O-O 11. Re1 Re8 12. Qc2 Bxf3 13. Bxf3 Nd4 14. Qd1 Nxf3+ 15. Qxf3 Qxd2 16. Re2 Qg5 17. Nb5 Qe7 18. Rc2 a6 19.
Nc3 Rad8 20. Rd1 Rxd1+ 21. Qxd1 Bd4 22. Ne2 Rd8 23. Nxd4 exd4 24. Qd3 Qe5 25. Ba3 h6 26. Rd2 c5 27.
Rc2 Rc8 28. b4 c4 29. Qf3 d3 30. Bb2 dxc2 31. Bxe5 c1=Q+ 32. Kh2 Qg5 33. Bf4 Qg6 34. h4 c3 35. h5 Qf6 36. e5 Qh4+ 37.
Kg1 c2 38. Bc1 Rd8 39. g3 Rd1+ 40. Kg2 Qh1# 0-1

[Event "Minior-SM 2025"]
[Site "Uppsala, Sweden"]
[Date "2025.07.01"]
[Round "2.1"]
[White "Gohlin Skoglund, Dorian"]
[Black "Nivstrand Wikdahl, Sion"]
[Result "0-1"]
[TimeControl "90 min for 40 move + 30 min with an increment of 30 sec starting move 1"]
[WhiteFideId "1784269"]
[BlackFideId "1781537"]
[WhiteElo "1687"]
[BlackElo "1604"]

1. e4 c5 2. Nc3 e6 3. f4 Nc6 4. Nf3 d5 5. exd5 exd5 6. d4 cxd4 7. Nxd4 Nf6 8. Be2 Bc5 9. Nb3 Bb4 10.
a3 Bxc3+ 11. bxc3 O-O 12. O-O Ne4 13. Qd3 f5 14. c4 Be6 15. c5 Qe7 16. Be3 Rfd8 17. Bd4 Nxd4 18. Nxd4 Nxc5 19.
Qe3 Ne4 20. Rab1 Rd7 21. Bd3 g6 22. Bxe4 dxe4 23. Nxe6 Qxe6 24. Rfd1 Rxd1+ 25. Rxd1 Qb6 26. Rd4 Qb1+ 27. Kf2 Qxc2+ 28. Kg3 Rc8 29. Kh4 Qxg2 30. Qb3+ Kh8 31. Rd8+ Rxd8 32. Qc3+ Kg8 33. Qc4+ Kg7 34. Qc7+ Kh6 0-1

[Event "Minior-SM 2025"]
[Site "Uppsala, Sweden"]
[Date "2025.07.01"]
[Round "2.2"]
[White "Modig, Ville"]
[Black "Sun Aslund, Bruce"]
[Result "1-0"]
[TimeControl "90 min for 40 move + 30 min with an increment of 30 sec starting move 1"]
[WhiteFideId "1777858"]
[BlackFideId "1785010"]
[WhiteElo "1585"]
[BlackElo "1759"]

1. e4 e6 2. d4 d5 3. exd5 exd5 4. Nf3 Bd6 5. Bd3 Ne7 6. O-O O-O 7. Be3 Bf5 8. c3 Nd7 9. Qc2 Bxd3 10.
Qxd3 g6 11. Re1 Nf5 12. Nbd2 Nxe3 13. Qxe3 Re8 14. Qd3 Nf6 15. h3 Qd7 16. Rad1 c6 17. Ne5 Qf5 18. Qxf5 gxf5 19. Ndf3 Ne4 20.
Nh4 f6 21. Nd3 f4 22. Nf5 Bc7 23. Re2 Nd6 24. Re4 Re6 25. Rxe6 Rd8 26. Re8+ Rxe8 27. Nxd6 Bxd6 28.
Kf1 Kf7 29. Rd2 a5 30. Re2 Rg8 31. f3 b5 32. Kf2 Rb8 33. a3 b4 34. axb4 axb4 35. cxb4 Bxb4 36. Nxf4 c5 37. Nxd5 cxd4 38.
Nxb4 Rxb4 39. Rd2 Ke6 40. Ke2 Kd5 41. Kd3 Rb3+ 42. Kc2 Kc4 43. Rxd4+ Kxd4 44. Kxb3 Ke3 45. Kc4 Kf2 46. b4 Kxg2 47.
b5 Kxf3 48. b6 Kg3 49. b7 Kxh3 50. b8=Q h5 51. Qf4 h4 52. Kd4 1-0

[Event "Minior-SM 2025"]
[Site "Uppsala, Sweden"]
[Date "2025.07.01"]
[Round "2.3"]
[White "Efimova, Paulina"]
[Black "Dahlin, Emil"]
[Result "0-1"]
[TimeControl "90 min for 40 move + 30 min with an increment of 30 sec starting move 1"]
[WhiteFideId "1772155"]
[BlackFideId "1771035"]
[WhiteElo "1581"]
[BlackElo "1657"]

1. d4 f5 2. Bf4 Nf6 3. c3 g6 4. e3 Bg7 5. Nf3 O-O 6. Bc4+ d5 7. Bb3 Nc6 8. Nbd2 b6 9. Qe2 Ne4 10.
Qd3 e6 11. Qb5 Bb7 12. Qd3 a5 13. Ba4 g5 14. Bg3 Nxg3 15. hxg3 g4 16. Ng1 Ba6 17. Bb5 Bxb5 18. Qxb5 Qd6 19. Ne2 e5 20. Qb3 a4 21.
Qc2 exd4 22. cxd4 Nb4 23. Qc3 c5 24. a3 Nc6 25. Qd3 Rae8 26. Kf1 cxd4 27. Nxd4 Nxd4 28. exd4 Qf6 29. Rd1 Qxd4 30.
Qxd4 Bxd4 31. Rb1 Re6 32. Kg1 Re2 33. Nf1 Rxf2 34. Kh2 Rf6 35. Ne3 Bxe3 36. Rbe1 Re2 0-1

[Event "Minior-SM 2025"]
[Site "Uppsala, Sweden"]
[Date "2025.07.01"]
[Round "2.4"]
[White "Andreasson, Leo"]
[Black "Madej, Anton"]
[Result "1-0"]
[TimeControl "90 min for 40 move + 30 min with an increment of 30 sec starting move 1"]
[WhiteFideId "1768980"]
[BlackFideId "1796887"]
[WhiteElo "1636"]
[BlackElo "1582"]

1. Nf3 d5 2. e3 Nc6 3. c4 e6 4. Nc3 Nf6 5. d4 Bb4 6. Bd2 b6 7. Qa4 Bd7 8. Qb3 Bxc3 9. Bxc3 O-O 10. Be2 Ne4 11. cxd5 Nxc3 12. bxc3 Na5 13.
Qc2 exd5 14. Bd3 h6 15. h4 Re8 16. Ne5 c5 17. Bh7+ Kf8 18. Bf5 Bxf5 19. Qxf5 Kg8 20. Qxf7+ Kh8 21.
Qg6 Rxe5 22. dxe5 Qe7 23. e6 Rd8 24. Qf7 Qxf7 25. exf7 Rf8 26. Rd1 Rxf7 27. Rxd5 Nb7 28. Ke2 a5 29.
Rhd1 1-0

[Event "Minior-SM 2025"]
[Site "Uppsala, Sweden"]
[Date "2025.07.01"]
[Round "3.1"]
[White "Nivstrand Wikdahl, Sion"]
[Black "Andreasson, Leo"]
[Result "0-1"]
[TimeControl "90 min for 40 move + 30 min with an increment of 30 sec starting move 1"]
[WhiteFideId "1781537"]
[BlackFideId "1768980"]
[WhiteElo "1604"]
[BlackElo "1636"]

1. Nf3 d5 2. e3 Nf6 3. c4 c6 4. Nc3 Bf5 5. d4 e6 6. a3 Be7 7. b4 Nbd7 8. c5 b6 9. Bd3 Bxd3 10.
Qxd3 a5 11. Bb2 Qc7 12. O-O O-O 13. Rfe1 Rfb8 14. Rab1 axb4 15. axb4 bxc5 16. bxc5 e5 17. Nd2 e4 18. Qe2 Ne8 19.
f3 f5 20. Rf1 Nef6 21. fxe4 fxe4 22. g4 h6 23. Qg2 h5 24. gxh5 Nxh5 25. Qg4 Ndf6 26. Qg6 Qd7 27. Qf5 Qxf5 28.
Rxf5 g6 29. Re5 Kf7 30. Rg5 Ng7 31. Nf1 Nfh5 32. Rg2 Nf5 33. Rf2 Kg7 34. Bc1 Nh4 35. Rxb8 Rxb8 36. Rb2 Nf3+ 37. Kh1 Rh8 38.
Ne2 Rc8 39. Rb7 Kf7 40. Nfg3 Nf6 41. Ng1 Ng4 42. Nxf3 exf3 43. e4 Ra8 44. h3 Rh8 45. Kg1 Rxh3 46. Nh1 dxe4 47. Bg5 Nf6 48.
Bxf6 Kxf6 49. Nf2 Rg3+ 50. Kf1 Ke6 51. Nxe4 Rg4 52. Nd2 Rxd4 53. Nxf3 Rf4 54. Ke2 Bxc5 55. Rg7 Rg4 56. Kd3 Bd6 57.
Nd4+ Kd5 58. Ne2 Ke6 59. Nd4+ Rxd4+ 0-1

[Event "Minior-SM 2025"]
[Site "Uppsala, Sweden"]
[Date "2025.07.01"]
[Round "3.2"]
[White "Dahlin, Emil"]
[Black "Modig, Ville"]
[Result "1-0"]
[TimeControl "90 min for 40 move + 30 min with an increment of 30 sec starting move 1"]
[WhiteFideId "1771035"]
[BlackFideId "1777858"]
[WhiteElo "1657"]
[BlackElo "1585"]

1. e4 e5 2. Nf3 Nc6 3. Bc4 Nf6 4. d3 Bc5 5. c3 d6 6. O-O Bg4 7. Nbd2 O-O 8. b4 Bb6 9. a4 a5 10.
b5 Ne7 11. Re1 Ng6 12. Nf1 Qd7 13. h3 Be6 14. Ba2 h6 15. d4 Bxa2 16. Rxa2 Rfe8 17. d5 Rac8 18. Rb2 Qd8 19. c4 Nd7 20. Ng3 Bc5 21. Nf5 Nb6 22. Qc2 Ne7 23.
Nxe7+ Qxe7 24. Be3 Bb4 25. Bd2 Bc5 26. Bxa5 Ra8 27. Bxb6 Bxb6 28. Ra1 Rf8 29. Rba2 f5 30. a5 Bc5 31.
exf5 e4 32. Re1 Rxf5 33. Rxe4 Qf6 34. Re6 Qf8 35. a6 b6 36. Qe2 Rf7 37. Ra1 Bb4 38. Rb1 Bc3 39. Rb3 Bf6 40. Rbe3 Be5 41.
Nxe5 dxe5 42. R6xe5 Qb4 43. Re8+ Rf8 44. Rxa8 Rxa8 45.
Re8+ Rxe8 46. Qxe8+ Kh7 47. Qe4+ g6 48. d6 c6 49. a7 Qa3 50. d7 1-0

[Event "Minior-SM 2025"]
[Site "Uppsala, Sweden"]
[Date "2025.07.01"]
[Round "3.3"]
[White "Lang Sohl, Benjamin"]
[Black "Leon, David"]
[Result "1/2-1/2"]
[TimeControl "90 min for 40 move + 30 min with an increment of 30 sec starting move 1"]
[WhiteFideId "1790250"]
[BlackFideId "1785338"]
[WhiteElo "1552"]
[BlackElo "1734"]

1. e4 e6 2. d4 d5 3. Nc3 dxe4 4. Nxe4 Bd7 5. Nf3 Bc6 6. Bd3 Nd7 7. O-O Ngf6 8. Bg5 Be7 9. Nxf6+ Bxf6 10.
Bxf6 Qxf6 11. Be2 O-O-O 12. c3 g5 13. Nd2 h5 14. b4 Nb6 15. b5 Bd7 16. a4 Nd5 17. Rc1 e5 18. Ne4 Qf4 19.
Bd3 Bg4 20. Qc2 Rhg8 21. Rfe1 1/2-1/2

[Event "Minior-SM 2025"]
[Site "Uppsala, Sweden"]
[Date "2025.07.01"]
[Round "3.4"]
[White "Hjalte, Eric"]
[Black "Bardhan, Sayak Raj"]
[Result "0-1"]
[TimeControl "90 min for 40 move + 30 min with an increment of 30 sec starting move 1"]
[WhiteFideId "1780344"]
[BlackFideId "1771850"]
[WhiteElo "1512"]
[BlackElo "1658"]

1. e4 c6 2. d4 d5 3. Nc3 dxe4 4. Nxe4 Bf5 5. Ng3 Bg6 6. h4 h6 7. Nf3 Nd7 8. Bc4 e6 9. Bf4 Ngf6 10.
Qd2 Nb6 11. Bb3 Nbd5 12. Ne5 Bh7 13. a3 Be7 14. O-O-O Nxf4 15. Qxf4 O-O 16. Ne2 a5 17. g4 Nd5 18. Bxd5 Qxd5 19. Nc3 Qd8 20. Qh2 f6 21.
Nd3 b5 22. f4 b4 23. axb4 axb4 24. Ne2 b3 25. cxb3 Qb6 26. Kd2 Bxd3 27. Kxd3 Qxb3+ 28. Nc3 e5 29. Qc2 Qb6 30. Ne2 exd4 31. Nxd4 Rad8 32. Ke4 Bc5 33.
Qb3+ Qxb3 34. Nxb3 Rfe8+ 35. Kf5 Kf7 36. g5 g6+ 37. Kg4 h5+ 38. Kg3 Rxd1 39. Rxd1 Re3+ 40. Kg2 Rxb3 41. Rd7+ Be7 42.
gxf6 Rxb2+ 43. Kf3 Kxf6 44. Rc7 c5 45. Rc6+ Kf7 46. Ke4 Rh2 47. f5 Rxh4+ 48. Ke5 gxf5 49. Kxf5 Rd4 50. Rf6+ Ke8 51.
Rh6 Kd7 52. Ra6 Rd5+ 53. Ke4 Rd6 54. Ra7+ Ke6 55. Rc7 Kf7 56. Rxc5 Re6+ 57. Re5 Rh6 58. Rf5+ Kg7 59. Rf3 Rg6 60.
Rh3 Kh6 61. Kf3 h4 62. Rh2 Kh5 63. Rh1 Rg3+ 64. Kf2 Kg4 65. Kf1 Bc5 66. Rh2 h3 67. Ke1 Rg2 68. Rh1 h2 0-1

[Event "Minior-SM 2025"]
[Site "Uppsala, Sweden"]
[Date "2025.07.02"]
[Round "4.1"]
[White "Andreasson, Leo"]
[Black "Dahlin, Emil"]
[Result "1-0"]
[TimeControl "90 min for 40 move + 30 min with an increment of 30 sec starting move 1"]
[WhiteFideId "1768980"]
[BlackFideId "1771035"]
[WhiteElo "1636"]
[BlackElo "1657"]

1. c4 f5 2. Nc3 Nf6 3. g3 g6 4. Bg2 Bg7 5. e3 O-O 6. Nge2 e5 7. d4 e4 8. O-O c6 9. Qb3 Qb6 10.
Qxb6 axb6 11. d5 d6 12. Rd1 Rd8 13. Nd4 Ng4 14. Bf1 Ne5 15. Be2 Kf7 16. f4 exf3 17. Nxf3 h6 18. Nd4 Ke7 19.
Kg2 Rh8 20. Nf3 g5 21. Nxe5 Bxe5 22. h3 h5 23. Rf1 h4 24. e4 Kf6 25. exf5 Bxc3 26. bxc3 hxg3 27. Kxg3 Re8 28. Rf2 Nd7 29.
dxc6 bxc6 30. Bf3 Ra4 31. Bxc6 Rxc4 32. Bf3 Ne5 33. Rb1 Nxf3 34. Rxf3 Rc6 35. Be3 Bxf5 36. Bd4+ Kg6 37. Rxb6 Rxb6 38.
Bxb6 Ra8 39. Rf2 Ra3 40. Bd4 d5 41. Rb2 Be6 42. h4 gxh4+ 43. Kxh4 Bf5 44. Rb6+ Kf7 45. Rf6+ Ke7 46. Rxf5 Rxa2 47.
Rxd5 Rc2 48. Kg4 Ke6 49. Rc5 Kd6 50. Kf4 Re2 51. Kf3 Re1 52. Kf2 Re4 53. Rh5 Kc6 54. Rh3 Kd5 55. Re3 Rh4 56.
Ke2 Rh2+ 57. Kd3 Rh4 58. Re5+ Kd6 59. Re4 Rh7 60. Kc4 Rc7+ 61. Kb5 Rb7+ 62. Bb6 Rh7 63. c4 Rh1 64. c5+ Kd5 65.
Re7 Rf1 66. Ka6 Ra1+ 67. Kb7 Rc1 68. Re2 Rc3 69. Rd2+ Ke6 70. c6 1-0

[Event "Minior-SM 2025"]
[Site "Uppsala, Sweden"]
[Date "2025.07.02"]
[Round "4.2"]
[White "Bardhan, Sayak Raj"]
[Black "Sun Aslund, Bruce"]
[Result "0-1"]
[TimeControl "90 min for 40 move + 30 min with an increment of 30 sec starting move 1"]
[WhiteFideId "1771850"]
[BlackFideId "1785010"]
[WhiteElo "1658"]
[BlackElo "1759"]

1. d4 Nf6 2. c4 c5 3. e3 e6 4. Nf3 cxd4 5. exd4 d5 6. Nc3 dxc4 7. Bxc4 Be7 8. O-O O-O 9. Bf4 Nd5 10. Bg3 Nc6 11. a3 Bf6 12.
Qd3 a6 13. Bb3 Nde7 14. Rad1 Ng6 15.
Bc2 Qb6 16. Rfe1 Rd8 17. Na4 Qa5 18. b4 Qb5 19. Qb3 b6 20. Bc7 Nxd4 21. Nxd4 Rxd4 22. Bxb6 Rxd1 23. Rxd1 Bb7 24. Bc5 Bd5 25. Qe3 Rd8 26.
Nc3 Qc6 27. Ba4 Qb7 28. Nxd5 exd5 29. g3 h6 30. Bc2 Nf8 31. Qf3 Qd7 32. Qd3 Ng6 33. Qxa6 Ne5 34. Kg2 Qe8 35. Be3 Nc4 36.
Bxh6 Ra8 37. Qb7 gxh6 38. Qxd5 Nxa3 39. Bf5 Rd8 40. Qf3 Rxd1 41. Qxd1 Qc6+ 42. Qf3 Qxf3+ 43. Kxf3 Bc3 44. Bd3 Bxb4 45. Kg4 Kg7 46. Kh5 Bc5 47. f4 Bg1 48. h3 Bf2 49. Kg4 Kf6 50. Kf3 Be1 51. Kg2 Ke6 52.
Kf3 Kd5 53. Bh7 Nb5 54. Be4+ Ke6 55. Kg2 Nd4 56. g4 Bh4 57. f5+ Ke5 58. Bd3 f6 59. Bf1 Kf4 60. Kh2 Kf3 61. Bg2+ Kf2 62.
Bd5 Nf3 63. Kh1 Ng5 64. Bg2 Nf3 65. g5 Nxg5 66. Kh2 Bg3 67. Kh1 Nf3 68. h4 Nxh4 69. Bh3 h5 70. Bg2 Nxf5 71. Be4 Nd6 72.
Bb7 f5 73. Be4 f4 74. Bg2 f3 75. Bf1 Ke3 76. Kg1 Nf5 77. Bh3 Bf2+ 78. Kf1 Ng3# 0-1

[Event "Minior-SM 2025"]
[Site "Uppsala, Sweden"]
[Date "2025.07.02"]
[Round "4.3"]
[White "Leon, David"]
[Black "Efimova, Paulina"]
[Result "1-0"]
[TimeControl "90 min for 40 move + 30 min with an increment of 30 sec starting move 1"]
[WhiteFideId "1785338"]
[BlackFideId "1772155"]
[WhiteElo "1734"]
[BlackElo "1581"]

1. e4 c6 2. d4 d5 3. exd5 cxd5 4. Bd3 Nc6 5. c3 Nf6 6. Bg5 e6 7. Nf3 Bd6 8. Nbd2 h6 9. Bh4 O-O 10.
O-O Nb8 11. Ne5 Nbd7 12. Bg3 Qc7 13. Re1 b6 14. c4 dxc4 15. Ndxc4 Ne8 16. Nxd6 Nxd6 17. Rc1 Qb7 18. Ng6 fxg6 19.
Bxd6 Rf6 20. Be4 Qa6 21. Bxa8 Bb7 22. Bxb7 Qxb7 23. Rc7 Qd5 24. Rxd7 1-0

[Event "Minior-SM 2025"]
[Site "Uppsala, Sweden"]
[Date "2025.07.02"]
[Round "4.4"]
[White "Gohlin Skoglund, Dorian"]
[Black "Ostafiev, Sara"]
[Result "0-1"]
[TimeControl "90 min for 40 move + 30 min with an increment of 30 sec starting move 1"]
[WhiteFideId "1784269"]
[BlackFideId "1773615"]
[WhiteElo "1687"]
[BlackElo "1579"]

1. e4 e5 2. Nf3 Nc6 3. c3 Nge7 4. d4 d5 5. Nxe5 dxe4 6. Bb5 a6 7. Nxc6 Nxc6 8. Bc4 Bd6 9. O-O h5 10. d5 Ne5 11. Be2 Bg4 12.
Qa4+ Qd7 13. Qxd7+ Kxd7 14. f3 exf3 15. Bxf3 Nxf3+ 16. gxf3 Bh3 17. Re1 Rhe8 18. Bd2 Bc5+ 19. Kh1 Rxe1+ 20. Bxe1 Re8 21. Na3 Re2 0-1

[Event "Minior-SM 2025"]
[Site "Uppsala, Sweden"]
[Date "2025.07.03"]
[Round "5.1"]
[White "Ostafiev, Sara"]
[Black "Andreasson, Leo"]
[Result "1/2-1/2"]
[TimeControl "90 min for 40 move + 30 min with an increment of 30 sec starting move 1"]
[WhiteFideId "1773615"]
[BlackFideId "1768980"]
[WhiteElo "1579"]
[BlackElo "1636"]

1. e4 c6 2. d4 d5 3. exd5 cxd5 4. Bd3 Nf6 5. Ne2 Nc6 6. Bf4 Qb6 7. Nbc3 a6 8. a4 e6 9. Qc1 Nb4 10. O-O Bd7 11. Be5
Nxd3 12. cxd3 Be7 13. Qe3 h5 1/2-1/2

[Event "Minior-SM 2025"]
[Site "Uppsala, Sweden"]
[Date "2025.07.03"]
[Round "5.2"]
[White "Sun Aslund, Bruce"]
[Black "Leon, David"]
[Result "0-1"]
[TimeControl "90 min for 40 move + 30 min with an increment of 30 sec starting move 1"]
[WhiteFideId "1785010"]
[BlackFideId "1785338"]
[WhiteElo "1759"]
[BlackElo "1734"]

1. e4 e6 2. d3 d5 3. Nd2 dxe4 4. dxe4 Bd7 5. Ngf3 Bc6 6. Bd3 Nf6 7. O-O Nbd7 8. Qe2 a6 9. e5 Nd5 10.
Ne4 Nc5 11. Nxc5 Bxc5 12. a3 Qd7 13. Rd1 O-O-O 14. c4 Nb6 15. Be3 Bxf3 16. Qxf3 Bxe3 17. Qxe3 Qd4 18. Qxd4 Rxd4 19. b3 Nd7 20.
Bc2 Rxd1+ 21. Rxd1 Nxe5 22. f4 Ng4 23. Be4 Nf6 24. Bf3 c5 25. Kf2 h5 26. b4 Ng4+ 27. Bxg4 hxg4 28. bxc5 Rxh2 29.
Kg3 Rh5 30. Kxg4 Rxc5 31. Rd4 Ra5 32. Rd3 Ra4 33. Rc3 Kd7 34. Kf3 Kc6 35. Ke3 Kc5 36. Kd3 f5 37. g3 g6 38. Rb3 b6 39.
Rc3 a5 40. Rb3 Rxc4 41. Rxb6 Rd4+ 42. Kc3 Re4 43. Ra6 Kb5 44. Ra8 Re3+ 45. Kb2 Rxg3 46. Re8 Ka4 47. Rxe6 Rg2+ 0-1

[Event "Minior-SM 2025"]
[Site "Uppsala, Sweden"]
[Date "2025.07.03"]
[Round "5.3"]
[White "Dahlin, Emil"]
[Black "Jackman, Jonathan"]
[Result "1-0"]
[TimeControl "90 min for 40 move + 30 min with an increment of 30 sec starting move 1"]
[WhiteFideId "1771035"]
[BlackFideId "1779648"]
[WhiteElo "1657"]
[BlackElo "1409"]

1. e4 c6 2. Nf3 d5 3. exd5 cxd5 4. Ne5 Nf6 5. d4 Nc6 6. c3 Nxe5 7. dxe5 Ng4 8. Bb5+ Bd7 9. Qxd5 Bxb5 10.
Qxb5+ Qd7 11. Qxd7+ Kxd7 12. f4 e6 13. h3 Nh6 14. Be3 Nf5 15. Bf2 h5 16. Nd2 g6 17. O-O-O Bh6 18. g4 hxg4 19.
hxg4 Ne7 20. g5 Bg7 21. Ne4+ Nd5 22.
c4 Rxh1 23. Rxh1 Nxf4 24. Rh7 Bxe5 25. Rxf7+ Kc6 26. Kc2 Ne2 27. b4 b5 28. cxb5+ Kxb5 29. Rb7+ Ka4 30. Nc5+ Ka3 31. Nxe6 Nf4 32.
Rb5 Bd6 33. Nxf4 Bxf4 34. Ra5+ Kxb4 35. Be1+ Kc4 36. Ra4+ Kd5 37. Rxf4 Re8 38. Bd2 Kc6 39. Rf6+ Kb5 40. Rxg6 Ka4 41.
Ra6+ 1-0

[Event "Minior-SM 2025"]
[Site "Uppsala, Sweden"]
[Date "2025.07.03"]
[Round "5.4"]
[White "Thamarai, Yohan"]
[Black "Bardhan, Sayak Raj"]
[Result "1-0"]
[TimeControl "90 min for 40 move + 30 min with an increment of 30 sec starting move 1"]
[WhiteFideId "1773011"]
[BlackFideId "1771850"]
[WhiteElo "1761"]
[BlackElo "1658"]

1. e4 c6 2. Nc3 d5 3. Nf3 Bg4 4. h3 Bxf3 5. Qxf3 e6 6. d4 Nf6 7. exd5 cxd5 8. Bd3 Nc6 9. Ne2 Be7 10.
c3 O-O 11. Bf4 a6 12. O-O b5 13. b4 Re8 14. Rfc1 Nd7 15. Ng3 Nf8 16. Qe2 Qd7 17. Nf1 f6 18. Bg3 e5 19. dxe5 fxe5 20.
f3 Bg5 21. Re1 Re7 22. Bf2 Ne6 23. Qc2 h6 24. Rad1 Rf8 25. h4 Bf6 26. Nd2 Ref7 27. Bg6 Re7 28. Nb3 Rc8 29. Bc5 Nxc5 30.
Nxc5 Qd6 31. Bf5 Ra8 32. Qb3 Rd8 33. Ne4 Qc7 34. Rxd5 Rxd5 35. Qxd5+ Kh8 36. Rd1 Re8 37. Qd6 Qxd6 38.
Rxd6 Ne7 39. Nxf6 gxf6 40. Be4 Kg7 41. Rxa6 f5 42. Bc6 Rc8 43. Bxb5 Rxc3 44. Ra7 Kf6 45. Bd7 Rc4 46. b5 Rb4 47.
a4 e4 48. Ra6+ Kg7 49. Re6 Ng6 50. Bc6 exf3 51. Bxf3 Rxa4 52. h5 Nf8 53. Ra6 Rb4 54. b6 Ne6 55. b7 Nc5 56. Ra8 Nxb7 57.
Ra7 1-0

[Event "Minior-SM 2025"]
[Site "Uppsala, Sweden"]
[Date "2025.07.04"]
[Round "6.1"]
[White "Andreasson, Leo"]
[Black "Leon, David"]
[Result "0-1"]
[TimeControl "90 min for 40 move + 30 min with an increment of 30 sec starting move 1"]
[WhiteFideId "1768980"]
[BlackFideId "1785338"]
[WhiteElo "1636"]
[BlackElo "1734"]

1. c4 e5 2. Nc3 Bb4 3. a3 Bxc3 4. bxc3 d6 5. g3 Ne7 6. Bg2 Nbc6 7. d4 O-O 8. e4 b6 9. Nf3 Ba6 10.
Qa4 Na5 11. Nd2 c6 12. Nb3 Bxc4 13. Nxa5 Bb5 14. Nxc6 Bxa4 15. Nxd8 Rfxd8 16. O-O Rac8 17. Bb2 Nc6 18. f4 f6 19.
fxe5 fxe5 20. Bh3 Rb8 21. Be6+ Kh8 22. Rf7 Rf8 23. Raf1 Rxf7 24. Rxf7 Re8 25. d5 Nd8 26. Rxa7 Bb5 27.
a4 Bd3 28. Ba3 Nxe6 29. dxe6 Bxe4 30. Bxd6 Rxe6 31. Rd7 h6 32. Bc7 Bc2 33. Rd8+ Kh7 34. Ra8 e4 35. Ra6 e3 36. Rxb6 Re7 37.
Rb2 e2 38. Rb3 0-1

[Event "Minior-SM 2025"]
[Site "Uppsala, Sweden"]
[Date "2025.07.04"]
[Round "6.2"]
[White "Thamarai, Yohan"]
[Black "Dahlin, Emil"]
[Result "1-0"]
[TimeControl "90 min for 40 move + 30 min with an increment of 30 sec starting move 1"]
[WhiteFideId "1773011"]
[BlackFideId "1771035"]
[WhiteElo "1761"]
[BlackElo "1657"]

1. e4 e5 2. Bc4 Nc6 3. Nf3 Nf6 4. d4 exd4 5. O-O Nxe4 6. Re1 d5 7. Bxd5 Qxd5 8. Nc3 Qh5 9. Nxe4 Be6 10.
Bg5 h6 11. Bf6 Qa5 12. Nxd4 gxf6 13. Nxe6 fxe6 14. Nxf6+ Kf7 15. Qd7+ Be7 16. Qxe6+ Kf8 17. Nd5 Bg5 18. Qf5+ Kg7 19.
Qd7+ Kg8 20. Re6 Rh7 21. Rg6+ Kh8 22. Qf5 Re8 23. c3 Qxa2 24. Rd1 Qb3 25. Rf1 Ne5 26. Re6 Rxe6 27. Qf8# 1-0

[Event "Minior-SM 2025"]
[Site "Uppsala, Sweden"]
[Date "2025.07.04"]
[Round "6.3"]
[White "Modig, Ville"]
[Black "Ostafiev, Sara"]
[Result "1-0"]
[TimeControl "90 min for 40 move + 30 min with an increment of 30 sec starting move 1"]
[WhiteFideId "1777858"]
[BlackFideId "1773615"]
[WhiteElo "1585"]
[BlackElo "1579"]

1. e4 e5 2. Nf3 Nc6 3. Bc4 Nf6 4. d3 h6 5. Be3 Bb4+ 6. c3 Ba5 7. a4 a6 8. Nbd2 d5 9. exd5 Nxd5 10.
O-O Bg4 11. Qb3 Be6 12. Qxb7 Nde7 13. Qb3 Bxc4 14. Nxc4 Ng6 15. Qc2 O-O 16. b4 Bb6 17. Bxb6 cxb6 18. b5 axb5 19. axb5 Nce7 20.
Ncxe5 Nf4 21. d4 Rc8 22. Qd2 Neg6 23. Nxg6 fxg6 24. Ne5 Qg5 25. Qa2+ Kh7 26. g3 Nh3+ 27. Kh1 Qf5 28. Kg2 h5 29.
Qd2 Ng5 30. Qd3 Qh3+ 31. Kh1 Qe6 32. c4 Rf5 33. f4 Nh3 34. Kg2 Rf6 35. d5 Qe7 36. Kxh3 h4 37. Kg2 Qb4 38. Rab1 Qa4 39.
Qb3 Qa5 40. Rf2 Ra8 41. Nc6 Qa3 42. Qxa3 Rxa3 43. Rbb2 Ra1 44. Rbd2 Rf5 45. d6 h3+ 46. Kxh3 Rg1 47. g4 Rf7 48.
Rg2 Ra1 49. d7 Ra3+ 50. Rg3 Rxg3+ 51. Kxg3 g5 52. d8=Q gxf4+ 53. Kf3 Rf6 54. g5 Rg6 55. Ne7 Rxg5 56. Qg8+ Kh6 57. Qh8# 1-0

[Event "Minior-SM 2025"]
[Site "Uppsala, Sweden"]
[Date "2025.07.04"]
[Round "6.4"]
[White "Efimova, Paulina"]
[Black "Sun Aslund, Bruce"]
[Result "0-1"]
[TimeControl "90 min for 40 move + 30 min with an increment of 30 sec starting move 1"]
[WhiteFideId "1772155"]
[BlackFideId "1785010"]
[WhiteElo "1581"]
[BlackElo "1759"]

1. d4 Nf6 2. Bf4 c5 3. c3 e6 4. Nf3 d5 5. e3 Qb6 6. Qc2 Nc6 7. Nbd2 Bd7 8. Bd3 Rc8 9. Rb1 cxd4 10.
exd4 Nb4 11. Qd1 Nxd3+ 12. Kf1 Nxf4 13. Ne5 Qb5+ 14. c4 dxc4 15. Ndxc4 Rxc4 16. Nxc4 Qxc4+ 0-1